[ AOE2 MATCH · #483497826 ]
UnrankedJurchens vs Chinese
[ REPLAY ANALYSIS · EXTRACTED FROM THE RECORDED GAME ]
Feudal
—
Castle
—
Imperial
—
| APM avg | 5.9 |
| APM peak | 24 |
| eAPM avg | 4.4 |
| Villagers / military | 36 / 16 |
Focus
⚔️ 39.3% · 🌾 60.7%
Scout Cavalry ×8 · Spearman ×6 · Militia ×2
Feudal
—
Castle
—
Imperial
—
| APM avg | 14.0 |
| APM peak | 30 |
| eAPM avg | 7.7 |
| Villagers / military | 71 / 65 |
Focus
⚔️ 20.5% · 🌾 79.5%
Spearman ×59 · Chu Ko Nu ×6
Feudal
—
Castle
—
Imperial
—
| APM avg | 18.3 |
| APM peak | 45 |
| eAPM avg | 12.0 |
| Villagers / military | 64 / 27 |
Focus
⚔️ 28.7% · 🌾 71.3%
Boyar ×6 · Knight ×5 · Battering Ram ×5 · Scorpion ×4 · Scout Cavalry ×3 · Spearman ×2
Feudal
—
Castle
—
Imperial
—
| APM avg | 17.3 |
| APM peak | 70 |
| eAPM avg | 9.8 |
| Villagers / military | 89 / 17 |
Focus
⚔️ 30.5% · 🌾 69.5%
Unknown (1952) ×24 · Unknown (1944) ×22 · Scout Cavalry ×11 · Spearman ×5 · Unknown (1949) ×4 · Archer ×1
Feudal
—
Castle
—
Imperial
—
| APM avg | 6.5 |
| APM peak | 18 |
| eAPM avg | 5.8 |
| Villagers / military | 42 / 50 |
Focus
⚔️ 37.3% · 🌾 62.7%
Magyar Huszar ×35 · Spearman ×15 · Fishing Ship ×6
Feudal
—
Castle
—
Imperial
—
| APM avg | 14.8 |
| APM peak | 39 |
| eAPM avg | 10.2 |
| Villagers / military | 75 / 132 |
Focus
⚔️ 22.3% · 🌾 77.7%
Militia ×80 · Spearman ×38 · Huskarl ×12 · Fishing Ship ×5 · Trebuchet (Packed) ×2
Feudal
—
Castle
—
Imperial
—
| APM avg | 14.2 |
| APM peak | 32 |
| eAPM avg | 12.5 |
| Villagers / military | 72 / 75 |
Focus
⚔️ 52.4% · 🌾 47.6%
Militia ×59 · Scorpion ×14 · Trade Cart ×11 · Spearman ×2
Feudal
—
Castle
—
Imperial
—
| APM avg | 37.9 |
| APM peak | 134 |
| eAPM avg | 31.0 |
| Villagers / military | 101 / 29 |
Focus
⚔️ 7.7% · 🌾 92.3%
Spearman ×11 · Skirmisher ×6 · Teutonic Knight ×5 · Knight ×4 · Scout Cavalry ×3
Match map
Initial resources + every placement click. Lines = walls · curves = elevation contours. ◆ gold · ⬟ stone · ● berries · ✦ relic · ◌ wall gap
Your base· Open — unwalled flank
Angrychicken600's base· Open — unwalled flank
bwest0's base· Open — unwalled flank
cw5541's base· Open — unwalled flank
querk2's base· Open — unwalled flank
NickOhBTW's base· Open — unwalled flank
BLAZ306's base· Open — unwalled flank
Darebear266178's base· Open — unwalled flank
Smoothed initial terrain · ◌ = detected wall gap · hover for details
Inputs per minute
— DON FOL3Y - - Angrychicken600
Build order — DON FOL3Y
72 actions detected in the replay
| 0:04 | Build | House |
| 0:07 | Build | House |
| 0:15 | Research | Loom |
| 0:16 | Create | Villager (Male) ×4 |
| 2:02 | Create | Villager (Male) |
| 2:30 | Build | Lumber Camp |
| 2:44 | Create | Villager (Male) |
| 3:19 | Create | Villager (Male) |
| 3:28 | Create | Villager (Male) |
| 3:52 | Build | House |
| 4:12 | Create | Villager (Male) |
| 4:23 | Build | Mill |
| 5:02 | Create | Villager (Male) |
| 5:18 | Create | Villager (Male) |
| 5:47 | Create | Villager (Male) |
| 6:04 | Build | Mining Camp |
| 6:25 | Create | Villager (Male) |
| 6:29 | Build | House |
| 6:41 | Create | Villager (Male) |
| 6:41 | Create | Villager (Male) |
| 6:51 | Create | Villager (Male) |
| 7:07 | Create | Villager (Male) |
| 7:07 | Create | Villager (Male) |
| 7:24 | Build | Mining Camp |
| 9:19 | Create | Villager (Male) ×5 |
| 9:52 | Build | House |
| 10:09 | Build | House |
| 10:23 | Build | Mill |
| 10:28 | Create | Villager (Male) ×5 |
| 10:40 | Build | Barracks |
| 11:37 | Build | Farm |
| 11:44 | Build | Farm |
| 11:46 | Build | Farm |
| 12:10 | Build | Farm |
| 12:24 | Build | Farm |
| 12:59 | Research | Feudal Age |
| 13:14 | Build | Farm |
| 14:54 | Build | Lumber Camp |
| 15:36 | Create | Villager (Male) ×5 |
| 16:08 | Build | Market |
| 16:13 | Build | Blacksmith |
| 16:21 | Create | Villager (Male) |
| 16:42 | Build | Stable |
| 16:45 | Build | Stable |
| 16:56 | Build | Stable |
| 17:13 | Build | Farm |
| 17:21 | Research | Scale Barding Armor |
| 17:31 | Build | Farm |
| 17:44 | Research | Bloodlines |
| 17:46 | Create | Scout Cavalry ×5 |
| 18:16 | Build | Watch Tower |
| 18:25 | Build | Gate |
| 18:56 | Research | Arson |
| 19:14 | Build | Barracks |
| 19:20 | Build | Farm |
| 19:26 | Create | Scout Cavalry |
| 19:47 | Create | Spearman ×2 |
| 20:05 | Build | Farm |
| 20:07 | Build | Farm |
| 20:09 | Build | Farm |
| 20:14 | Build | Farm |
| 20:40 | Create | Scout Cavalry |
| 21:54 | Create | Villager (Male) |
| 22:07 | Create | Spearman ×3 |
| 22:50 | Create | Scout Cavalry |
| 22:58 | Build | Watch Tower |
| 23:05 | Build | Watch Tower |
| 24:45 | Research | Man-at-Arms (upgrade) |
| 24:47 | Create | Spearman |
| 25:09 | Create | Villager (Male) |
| 25:34 | Create | Militia ×2 |
| 26:50 | Build | Mining Camp |
Build order — Angrychicken600
First 150 of 164 actions detected
| 0:05 | Research | Loom |
| 0:56 | Create | Villager (Male) |
| 1:54 | Create | Villager (Male) |
| 2:09 | Build | Lumber Camp |
| 2:51 | Create | Villager (Male) |
| 4:53 | Create | Villager (Male) |
| 4:53 | Create | Villager (Male) |
| 4:54 | Create | Villager (Male) |
| 4:54 | Create | Villager (Male) |
| 5:15 | Create | Villager (Male) |
| 6:21 | Build | Mill |
| 7:40 | Create | Villager (Male) |
| 7:44 | Build | House |
| 7:47 | Build | House |
| 8:26 | Create | Villager (Male) |
| 8:27 | Create | Villager (Male) |
| 8:27 | Create | Villager (Male) |
| 8:27 | Create | Villager (Male) |
| 8:27 | Create | Villager (Male) |
| 8:27 | Create | Villager (Male) |
| 8:27 | Create | Villager (Male) |
| 8:27 | Create | Villager (Male) |
| 8:49 | Create | Villager (Male) |
| 9:23 | Create | Villager (Male) |
| 9:24 | Create | Villager (Male) |
| 9:49 | Create | Villager (Male) |
| 10:08 | Build | Barracks |
| 10:47 | Create | Villager (Male) |
| 10:47 | Create | Villager (Male) |
| 10:48 | Create | Villager (Male) |
| 12:39 | Create | Villager (Male) |
| 12:54 | Build | House |
| 13:44 | Create | Villager (Male) |
| 13:45 | Create | Villager (Male) |
| 13:56 | Research | Feudal Age |
| 14:18 | Build | Mining Camp |
| 18:15 | Create | Spearman |
| 18:15 | Create | Spearman |
| 18:15 | Create | Spearman |
| 18:16 | Create | Spearman |
| 18:16 | Create | Spearman |
| 18:16 | Create | Spearman |
| 18:16 | Create | Spearman |
| 18:17 | Create | Spearman |
| 18:17 | Create | Spearman |
| 18:28 | Build | Farm |
| 18:30 | Build | Farm |
| 18:31 | Build | Farm |
| 18:32 | Build | Farm |
| 18:35 | Build | Farm |
| 18:37 | Build | Farm |
| 18:39 | Build | Farm |
| 18:40 | Build | Farm |
| 18:42 | Build | Farm |
| 18:44 | Build | Farm |
| 18:46 | Build | Farm |
| 18:51 | Build | Farm |
| 18:52 | Build | Farm |
| 18:54 | Build | Farm |
| 18:55 | Build | Farm |
| 18:57 | Build | Farm |
| 19:02 | Create | Villager (Male) |
| 19:02 | Create | Villager (Male) |
| 19:02 | Create | Villager (Male) |
| 19:03 | Create | Villager (Male) |
| 19:06 | Build | House |
| 19:20 | Build | House |
| 19:21 | Build | House |
| 20:01 | Build | Market |
| 20:25 | Build | Archery Range |
| 22:02 | Create | Spearman |
| 22:02 | Create | Spearman |
| 22:02 | Create | Spearman |
| 22:02 | Create | Spearman |
| 22:03 | Create | Spearman |
| 22:13 | Build | Watch Tower |
| 22:35 | Create | Villager (Male) |
| 22:35 | Create | Villager (Male) |
| 22:36 | Create | Villager (Male) |
| 22:36 | Create | Villager (Male) |
| 23:05 | Build | House |
| 23:06 | Build | House |
| 23:06 | Build | House |
| 23:07 | Build | House |
| 23:44 | Research | Castle Age |
| 23:53 | Build | Mining Camp |
| 24:40 | Build | Blacksmith |
| 25:44 | Research | Forging |
| 25:45 | Research | Scale Mail Armor |
| 26:34 | Create | Villager (Male) |
| 26:35 | Create | Villager (Male) |
| 26:35 | Create | Villager (Male) |
| 26:35 | Create | Villager (Male) |
| 26:39 | Create | Spearman ×5 |
| 26:39 | Create | Spearman ×5 |
| 26:43 | Research | Pikeman (upgrade) |
| 27:00 | Create | Villager (Male) |
| 27:00 | Create | Villager (Male) |
| 27:01 | Create | Villager (Male) |
| 27:21 | Build | Town Center |
| 27:59 | Create | Villager (Male) |
| 28:36 | Create | Villager (Male) |
| 28:36 | Create | Villager (Male) |
| 28:55 | Create | Villager (Male) |
| 29:10 | Build | Farm |
| 30:03 | Research | Chain Mail Armor |
| 31:31 | Create | Villager (Male) |
| 31:31 | Create | Villager (Male) |
| 33:21 | Build | Farm |
| 33:25 | Build | Farm |
| 33:30 | Build | Farm |
| 33:39 | Research | Double-Bit Axe |
| 33:50 | Build | Lumber Camp |
| 33:54 | Create | Villager (Male) |
| 33:55 | Create | Villager (Male) |
| 33:55 | Create | Villager (Male) |
| 33:55 | Create | Villager (Male) |
| 34:00 | Build | Town Center |
| 34:40 | Build | Castle |
| 35:31 | Create | Villager (Male) |
| 35:32 | Create | Villager (Male) |
| 36:00 | Build | Castle |
| 36:18 | Create | Villager (Male) |
| 36:25 | Create | Spearman ×5 |
| 36:25 | Create | Spearman ×5 |
| 36:27 | Create | Spearman ×5 |
| 36:33 | Build | Barracks |
| 36:46 | Research | Bow Saw |
| 36:54 | Research | Wheelbarrow |
| 36:55 | Create | Villager (Male) |
| 36:56 | Create | Villager (Male) |
| 36:56 | Create | Villager (Male) |
| 36:56 | Create | Villager (Male) |
| 37:06 | Create | Villager (Male) |
| 37:07 | Create | Villager (Male) |
| 37:07 | Create | Villager (Male) |
| 37:07 | Create | Villager (Male) |
| 37:13 | Build | Farm |
| 37:15 | Build | Farm |
| 37:20 | Build | Farm |
| 37:20 | Build | Farm |
| 37:20 | Build | Farm |
| 37:21 | Build | Farm |
| 37:21 | Build | Farm |
| 37:21 | Build | Farm |
| 37:24 | Create | Villager (Male) |
| 37:42 | Create | Villager (Male) |
| 37:42 | Create | Villager (Male) |
| 38:03 | Create | Villager (Male) |
| 38:04 | Create | Villager (Male) |
Build order — bwest0
146 actions detected in the replay
| 0:02 | Create | Villager (Male) |
| 0:02 | Create | Villager (Male) |
| 0:03 | Create | Villager (Male) |
| 0:03 | Create | Villager (Male) |
| 0:16 | Build | House |
| 0:22 | Build | Lumber Camp |
| 1:42 | Research | Loom |
| 2:19 | Create | Villager (Male) |
| 2:52 | Create | Villager (Male) |
| 3:14 | Create | Villager (Male) |
| 3:15 | Create | Villager (Male) |
| 3:22 | Build | House |
| 3:30 | Build | Mill |
| 4:36 | Create | Villager (Male) |
| 4:36 | Create | Villager (Male) |
| 5:11 | Build | House |
| 5:25 | Create | Villager (Male) |
| 5:40 | Build | House |
| 6:14 | Create | Villager (Male) |
| 7:07 | Build | Mining Camp |
| 7:14 | Create | Villager (Male) |
| 8:18 | Research | Feudal Age |
| 9:22 | Build | Barracks |
| 10:38 | Create | Villager (Male) |
| 10:38 | Create | Villager (Male) |
| 10:38 | Create | Villager (Male) |
| 12:04 | Build | Stable |
| 12:21 | Create | Villager (Male) |
| 12:22 | Create | Villager (Male) |
| 12:32 | Build | Watch Tower |
| 13:03 | Create | Villager (Male) |
| 13:03 | Create | Villager (Male) |
| 13:03 | Create | Villager (Male) |
| 13:28 | Build | Watch Tower |
| 13:36 | Research | Town Watch |
| 13:59 | Create | Spearman |
| 14:03 | Create | Scout Cavalry |
| 14:07 | Create | Scout Cavalry |
| 14:27 | Create | Villager (Male) |
| 14:45 | Create | Spearman |
| 14:59 | Create | Villager (Male) |
| 16:31 | Build | Blacksmith |
| 16:53 | Research | Bloodlines |
| 16:57 | Research | Wheelbarrow |
| 17:32 | Build | Mining Camp |
| 17:52 | Build | Farm |
| 17:52 | Build | Farm |
| 19:07 | Build | Farm |
| 19:28 | Create | Villager (Male) |
| 19:28 | Create | Villager (Male) |
| 19:28 | Create | Villager (Male) |
| 19:35 | Build | Farm |
| 20:26 | Build | Market |
| 20:48 | Create | Villager (Male) |
| 20:49 | Create | Villager (Male) |
| 20:55 | Build | Farm |
| 20:56 | Build | Farm |
| 21:00 | Build | Farm |
| 21:01 | Build | Farm |
| 21:13 | Build | House |
| 21:40 | Build | Farm |
| 21:58 | Build | Farm |
| 22:11 | Build | Farm |
| 22:16 | Build | Watch Tower |
| 22:59 | Create | Villager (Male) |
| 23:47 | Research | Castle Age |
| 24:11 | Build | Farm |
| 24:41 | Create | Villager (Male) |
| 24:46 | Build | Farm |
| 24:50 | Research | Horse Collar |
| 25:22 | Research | Forging |
| 25:58 | Research | Fletching |
| 26:50 | Build | Castle |
| 26:55 | Create | Knight |
| 26:55 | Create | Knight |
| 27:13 | Research | Scale Barding Armor |
| 27:59 | Create | Boyar |
| 28:12 | Build | Town Center |
| 28:45 | Create | Boyar |
| 28:50 | Create | Scout Cavalry |
| 29:06 | Create | Villager (Male) |
| 29:06 | Create | Villager (Male) |
| 29:06 | Create | Villager (Male) |
| 29:07 | Create | Villager (Male) |
| 29:07 | Create | Villager (Male) |
| 29:41 | Build | Siege Workshop |
| 29:59 | Build | Watch Tower |
| 30:06 | Create | Villager (Male) |
| 30:06 | Create | Villager (Male) |
| 30:06 | Create | Villager (Male) |
| 30:06 | Create | Villager (Male) |
| 30:07 | Create | Villager (Male) |
| 30:07 | Create | Villager (Male) |
| 31:19 | Create | Villager (Male) |
| 31:19 | Create | Villager (Male) |
| 31:19 | Create | Villager (Male) |
| 31:50 | Create | Scorpion |
| 31:51 | Create | Scorpion |
| 33:26 | Create | Villager (Male) |
| 33:26 | Create | Villager (Male) |
| 33:26 | Create | Villager (Male) |
| 33:26 | Create | Villager (Male) |
| 33:26 | Create | Villager (Male) |
| 33:47 | Create | Scorpion |
| 33:47 | Create | Scorpion |
| 34:03 | Create | Knight |
| 34:20 | Build | Farm |
| 34:22 | Build | Farm |
| 34:27 | Create | Villager (Male) |
| 34:27 | Create | Villager (Male) |
| 34:46 | Build | Farm |
| 34:50 | Create | Villager (Male) |
| 34:50 | Create | Villager (Male) |
| 34:50 | Create | Villager (Male) |
| 35:14 | Create | Villager (Male) |
| 35:14 | Create | Villager (Male) |
| 35:18 | Build | Farm |
| 35:25 | Build | Farm |
| 35:36 | Create | Villager (Male) |
| 35:36 | Create | Villager (Male) |
| 35:57 | Research | Double-Bit Axe |
| 36:19 | Create | Petard |
| 36:31 | Create | Battering Ram |
| 37:04 | Build | Farm |
| 37:15 | Build | Town Center |
| 37:29 | Research | Squires |
| 37:31 | Create | Boyar |
| 37:32 | Create | Boyar |
| 37:32 | Create | Boyar |
| 37:32 | Create | Boyar |
| 37:38 | Create | Mangonel |
| 37:41 | Create | Knight |
| 37:41 | Create | Knight |
| 37:56 | Build | House |
| 38:13 | Create | Battering Ram |
| 38:13 | Create | Battering Ram |
| 38:17 | Create | Battering Ram |
| 38:17 | Create | Battering Ram |
| 38:23 | Build | Farm |
| 38:29 | Create | Villager (Male) |
| 38:29 | Create | Villager (Male) |
| 38:29 | Create | Villager (Male) |
| 38:29 | Create | Villager (Male) |
| 38:30 | Create | Villager (Male) |
| 38:30 | Create | Villager (Male) |
| 38:48 | Build | Lumber Camp |
Build order — cw5541
First 150 of 273 actions detected
| 0:02 | Create | Villager (Male) |
| 0:03 | Create | Villager (Male) |
| 0:03 | Create | Villager (Male) |
| 0:06 | Build | House |
| 0:08 | Build | House |
| 0:32 | Create | Villager (Male) |
| 1:32 | Create | Villager (Male) |
| 1:47 | Build | Lumber Camp |
| 2:08 | Create | Villager (Male) |
| 2:41 | Create | Villager (Male) |
| 2:43 | Research | Loom |
| 2:59 | Create | Villager (Male) |
| 3:13 | Create | Villager (Male) |
| 3:50 | Create | Villager (Male) |
| 3:50 | Create | Villager (Male) |
| 4:03 | Build | House |
| 4:04 | Create | Villager (Male) |
| 4:05 | Create | Villager (Male) |
| 4:27 | Build | Mill |
| 4:46 | Create | Villager (Male) |
| 4:47 | Create | Villager (Male) |
| 5:22 | Create | Villager (Male) |
| 5:22 | Create | Villager (Male) |
| 5:43 | Build | Farm |
| 5:44 | Create | Villager (Male) |
| 5:44 | Create | Villager (Male) |
| 6:08 | Build | Mining Camp |
| 6:35 | Build | House |
| 6:39 | Build | House |
| 6:41 | Build | House |
| 6:43 | Build | House |
| 6:48 | Create | Villager (Male) |
| 7:18 | Create | Villager (Male) |
| 7:18 | Create | Villager (Male) |
| 7:19 | Create | Villager (Male) |
| 7:19 | Create | Villager (Male) |
| 7:43 | Build | Farm |
| 7:45 | Create | Villager (Male) |
| 8:16 | Create | Villager (Male) |
| 8:32 | Create | Villager (Male) |
| 8:39 | Build | Farm |
| 8:59 | Build | House |
| 9:01 | Build | House |
| 9:04 | Build | House |
| 9:06 | Build | House |
| 9:08 | Build | House |
| 9:15 | Build | House |
| 9:28 | Build | Farm |
| 9:53 | Build | Farm |
| 10:38 | Research | Feudal Age |
| 11:00 | Create | Villager (Male) |
| 11:21 | Create | Villager (Male) |
| 12:04 | Build | Barracks |
| 12:24 | Build | Farm |
| 13:02 | Create | Villager (Male) |
| 13:22 | Build | Farm |
| 13:39 | Build | Stable |
| 13:46 | Build | Stable |
| 13:50 | Create | Villager (Male) |
| 13:54 | Research | Double-Bit Axe |
| 14:19 | Build | Blacksmith |
| 14:22 | Create | Villager (Male) |
| 14:23 | Create | Villager (Male) |
| 14:57 | Build | Farm |
| 15:02 | Create | Scout Cavalry |
| 15:03 | Create | Scout Cavalry |
| 15:03 | Create | Scout Cavalry |
| 15:03 | Create | Scout Cavalry |
| 15:03 | Create | Scout Cavalry |
| 15:04 | Create | Scout Cavalry |
| 15:04 | Create | Scout Cavalry |
| 15:05 | Create | Scout Cavalry |
| 15:10 | Build | Farm |
| 15:19 | Create | Villager (Male) |
| 15:20 | Create | Villager (Male) |
| 15:53 | Build | Farm |
| 15:56 | Create | Villager (Male) |
| 16:05 | Research | Bloodlines |
| 16:09 | Create | Villager (Male) |
| 16:14 | Build | House |
| 16:15 | Build | House |
| 16:18 | Build | House |
| 16:20 | Create | Villager (Male) |
| 16:38 | Build | Farm |
| 17:00 | Create | Scout Cavalry |
| 17:04 | Build | Farm |
| 17:08 | Build | Farm |
| 17:09 | Build | Farm |
| 17:09 | Build | Farm |
| 17:09 | Build | Farm |
| 17:09 | Build | Farm |
| 17:10 | Build | Farm |
| 17:21 | Research | Horse Collar |
| 17:27 | Create | Villager (Male) |
| 18:02 | Create | Villager (Male) |
| 18:02 | Create | Villager (Male) |
| 19:00 | Build | Farm |
| 19:03 | Build | Farm |
| 19:11 | Create | Villager (Male) |
| 19:11 | Create | Villager (Male) |
| 19:12 | Create | Villager (Male) |
| 19:46 | Build | Farm |
| 19:47 | Create | Villager (Male) |
| 20:22 | Build | Farm |
| 20:23 | Create | Villager (Male) |
| 20:23 | Create | Villager (Male) |
| 20:24 | Create | Villager (Male) |
| 20:34 | Build | Farm |
| 20:35 | Create | Villager (Male) |
| 20:36 | Create | Villager (Male) |
| 20:45 | Build | Market |
| 20:56 | Create | Villager (Male) |
| 21:36 | Research | Castle Age |
| 22:06 | Create | Villager (Male) |
| 22:21 | Build | Mining Camp |
| 22:28 | Research | Gold Mining |
| 23:04 | Create | Spearman |
| 23:04 | Create | Spearman |
| 23:05 | Create | Spearman |
| 23:05 | Create | Spearman |
| 23:32 | Create | Spearman |
| 24:30 | Create | Villager (Male) |
| 24:31 | Create | Villager (Male) |
| 24:32 | Create | Villager (Male) |
| 24:51 | Research | Heavy Plow |
| 24:56 | Research | Scale Barding Armor |
| 25:01 | Create | Unit 1944 |
| 25:01 | Create | Unit 1944 |
| 25:26 | Create | Villager (Male) |
| 25:27 | Create | Villager (Male) |
| 25:41 | Build | Archery Range |
| 25:42 | Build | Archery Range |
| 25:44 | Build | Archery Range |
| 27:22 | Build | Farm |
| 27:25 | Build | Farm |
| 27:27 | Build | Farm |
| 27:29 | Create | Villager (Male) |
| 27:30 | Create | Villager (Male) |
| 27:33 | Create | Unit 1944 |
| 27:33 | Create | Unit 1944 |
| 27:33 | Create | Unit 1944 |
| 27:34 | Create | Unit 1944 |
| 27:34 | Create | Unit 1944 |
| 27:41 | Create | Villager (Male) |
| 28:05 | Build | Farm |
| 28:06 | Create | Villager (Male) |
| 28:06 | Create | Villager (Male) |
| 28:11 | Create | Archer |
| 28:12 | Create | Unit 1952 |
| 28:14 | Create | Unit 1952 |
Build order — querk2
132 actions detected in the replay
| 0:03 | Research | Loom |
| 0:04 | Create | Villager (Male) ×4 |
| 0:16 | Build | House |
| 0:18 | Build | House |
| 0:20 | Build | House |
| 0:32 | Build | House |
| 0:39 | Build | House |
| 2:10 | Create | Villager (Male) |
| 2:54 | Create | Villager (Male) |
| 3:24 | Create | Villager (Male) |
| 3:51 | Create | Villager (Male) |
| 4:15 | Create | Villager (Male) |
| 4:16 | Create | Villager (Male) |
| 4:35 | Create | Villager (Male) |
| 5:16 | Build | Lumber Camp |
| 5:38 | Create | Villager (Male) |
| 5:38 | Create | Villager (Male) |
| 5:39 | Create | Villager (Male) |
| 6:09 | Build | Mill |
| 6:23 | Create | Villager (Male) |
| 6:38 | Build | Barracks |
| 6:54 | Create | Villager (Male) |
| 7:25 | Create | Villager (Male) |
| 7:25 | Create | Villager (Male) |
| 7:56 | Create | Villager (Male) |
| 8:17 | Create | Villager (Male) |
| 8:17 | Create | Villager (Male) |
| 9:01 | Build | Dock |
| 9:35 | Create | Villager (Male) |
| 9:36 | Create | Villager (Male) |
| 9:36 | Create | Villager (Male) |
| 9:47 | Create | Fishing Ship |
| 9:47 | Create | Fishing Ship |
| 9:48 | Create | Fishing Ship |
| 9:59 | Build | House |
| 10:00 | Build | House |
| 10:01 | Build | House |
| 10:01 | Build | House |
| 10:01 | Build | House |
| 10:02 | Build | House |
| 10:05 | Create | Villager (Male) |
| 10:35 | Create | Villager (Male) |
| 10:46 | Create | Fishing Ship |
| 11:08 | Build | House |
| 11:09 | Build | House |
| 11:09 | Build | House |
| 11:10 | Build | House |
| 11:28 | Create | Villager (Male) |
| 13:38 | Research | Feudal Age |
| 14:29 | Build | Farm |
| 14:30 | Build | Farm |
| 14:30 | Build | Farm |
| 14:31 | Build | Farm |
| 14:31 | Build | Farm |
| 14:32 | Build | Farm |
| 14:33 | Build | Farm |
| 14:34 | Build | Farm |
| 14:35 | Build | Farm |
| 14:35 | Build | Farm |
| 14:36 | Build | Farm |
| 14:37 | Build | Farm |
| 15:44 | Create | Fishing Ship |
| 15:55 | Build | Blacksmith |
| 16:28 | Build | Market |
| 17:08 | Research | Castle Age |
| 17:24 | Build | Stable |
| 18:11 | Build | Mining Camp |
| 18:25 | Research | Double-Bit Axe |
| 18:50 | Research | Stone Mining |
| 19:27 | Create | Spearman |
| 19:28 | Create | Spearman |
| 19:48 | Create | Spearman |
| 19:48 | Create | Spearman |
| 20:21 | Create | Spearman ×2 |
| 20:21 | Create | Spearman |
| 20:23 | Research | Pikeman (upgrade) |
| 20:25 | Create | Spearman ×3 |
| 20:25 | Create | Spearman |
| 20:47 | Create | Villager (Male) ×2 |
| 20:48 | Create | Villager (Male) |
| 21:31 | Research | Wheelbarrow |
| 21:46 | Create | Villager (Male) |
| 21:46 | Create | Villager (Male) |
| 22:27 | Research | Bow Saw |
| 22:50 | Research | Horse Collar |
| 23:30 | Build | Castle |
| 24:49 | Research | Corvinian Army |
| 24:59 | Create | Villager (Male) |
| 24:59 | Create | Villager (Male) |
| 25:00 | Create | Villager (Male) |
| 25:12 | Research | Tech 906 |
| 25:15 | Create | Fishing Ship |
| 25:28 | Build | Stable |
| 25:36 | Create | Magyar Huszar ×4 |
| 25:36 | Create | Magyar Huszar |
| 25:43 | Create | Villager (Male) |
| 26:23 | Research | Husbandry |
| 26:37 | Create | Villager (Male) |
| 26:37 | Create | Villager (Male) |
| 27:08 | Create | Magyar Huszar |
| 27:34 | Create | Magyar Huszar ×2 |
| 27:34 | Create | Magyar Huszar |
| 29:04 | Build | Fish Trap |
| 29:05 | Build | Fish Trap |
| 29:06 | Build | Fish Trap |
| 29:07 | Build | Fish Trap |
| 29:21 | Create | Magyar Huszar |
| 29:21 | Create | Magyar Huszar ×3 |
| 29:22 | Create | Magyar Huszar |
| 30:28 | Build | Fish Trap |
| 30:42 | Build | Fish Trap |
| 30:47 | Build | Fish Trap |
| 30:51 | Build | Farm |
| 30:59 | Create | Villager (Male) ×3 |
| 30:59 | Create | Villager (Male) |
| 31:07 | Create | Magyar Huszar |
| 31:07 | Create | Magyar Huszar |
| 31:25 | Create | Spearman ×3 |
| 31:25 | Create | Spearman |
| 31:51 | Build | Farm |
| 32:02 | Build | Castle |
| 33:42 | Create | Magyar Huszar ×6 |
| 33:43 | Create | Magyar Huszar |
| 34:31 | Create | Magyar Huszar ×4 |
| 34:31 | Create | Magyar Huszar |
| 34:45 | Research | Scale Barding Armor |
| 35:04 | Build | Mining Camp |
| 36:02 | Create | Magyar Huszar ×5 |
| 36:04 | Create | Magyar Huszar |
| 36:04 | Create | Magyar Huszar |
| 36:52 | Build | Town Center |
| 39:47 | Build | Town Center |
Build order — NickOhBTW
First 150 of 217 actions detected
| 0:05 | Create | Villager (Male) ×4 |
| 0:19 | Build | House |
| 0:41 | Build | House |
| 0:42 | Build | House |
| 0:49 | Build | Lumber Camp |
| 1:36 | Research | Loom |
| 1:53 | Create | Villager (Male) |
| 2:25 | Create | Villager (Male) |
| 2:52 | Create | Villager (Male) |
| 3:21 | Create | Villager (Male) |
| 3:43 | Create | Villager (Male) |
| 4:40 | Create | Villager (Male) ×3 |
| 5:03 | Build | Mill |
| 5:10 | Create | Villager (Male) |
| 6:29 | Create | Villager (Male) |
| 6:37 | Build | House |
| 6:48 | Create | Villager (Male) |
| 6:59 | Build | Dock |
| 8:00 | Create | Villager (Male) ×5 |
| 8:00 | Create | Villager (Male) ×3 |
| 8:11 | Create | Fishing Ship |
| 8:29 | Build | House |
| 8:37 | Create | Villager (Male) |
| 8:56 | Create | Villager (Male) |
| 9:06 | Create | Fishing Ship |
| 9:23 | Create | Villager (Male) |
| 10:14 | Research | Feudal Age |
| 10:23 | Create | Fishing Ship |
| 10:34 | Build | House |
| 10:35 | Build | House |
| 11:40 | Build | Lumber Camp |
| 11:44 | Create | Villager (Male) |
| 11:44 | Create | Villager (Male) |
| 11:50 | Create | Fishing Ship |
| 12:24 | Create | Villager (Male) |
| 12:25 | Create | Villager (Male) |
| 12:34 | Research | Double-Bit Axe |
| 12:45 | Build | Barracks |
| 13:09 | Build | Farm |
| 13:18 | Build | Farm |
| 13:32 | Create | Spearman |
| 13:32 | Create | Spearman |
| 13:48 | Build | Farm |
| 13:51 | Research | Horse Collar |
| 14:02 | Research | Tech 906 |
| 14:03 | Create | Fishing Ship |
| 14:11 | Build | Farm |
| 14:15 | Create | Villager (Male) |
| 14:31 | Build | Lumber Camp |
| 14:54 | Research | Man-at-Arms (upgrade) |
| 15:05 | Build | Farm |
| 15:08 | Create | Villager (Male) |
| 15:08 | Create | Villager (Male) |
| 15:28 | Build | Farm |
| 15:28 | Build | Farm |
| 15:35 | Build | Farm |
| 15:35 | Build | Farm |
| 15:45 | Build | Market |
| 16:00 | Build | Farm |
| 16:09 | Build | House |
| 16:10 | Build | House |
| 16:11 | Build | House |
| 16:13 | Build | House |
| 16:14 | Build | House |
| 16:28 | Create | Villager (Male) |
| 16:28 | Create | Villager (Male) |
| 16:43 | Build | Farm |
| 16:58 | Build | Blacksmith |
| 17:06 | Create | Villager (Male) |
| 17:07 | Create | Villager (Male) |
| 17:15 | Build | Mining Camp |
| 17:19 | Create | Villager (Male) |
| 17:32 | Build | House |
| 17:42 | Build | House |
| 17:55 | Create | Spearman |
| 17:55 | Create | Spearman |
| 18:02 | Create | Villager (Male) |
| 18:15 | Build | Barracks |
| 18:16 | Build | Barracks |
| 18:22 | Build | Farm |
| 18:29 | Build | House |
| 18:31 | Build | House |
| 18:32 | Build | House |
| 18:47 | Create | Villager (Male) |
| 18:52 | Build | Farm |
| 19:02 | Research | Forging |
| 19:03 | Research | Scale Mail Armor |
| 19:06 | Create | Militia |
| 19:07 | Create | Militia |
| 19:07 | Create | Militia |
| 19:21 | Create | Militia |
| 19:21 | Create | Militia |
| 19:34 | Build | Farm |
| 19:39 | Build | Farm |
| 19:48 | Create | Militia |
| 19:48 | Create | Militia |
| 20:15 | Build | Farm |
| 20:15 | Build | Farm |
| 20:23 | Build | Farm |
| 20:37 | Research | Castle Age |
| 21:26 | Create | Militia ×4 |
| 22:01 | Create | Spearman |
| 22:01 | Create | Spearman |
| 23:10 | Create | Villager (Male) |
| 23:10 | Create | Villager (Male) |
| 23:19 | Research | Squires |
| 23:21 | Research | Chain Mail Armor |
| 23:28 | Build | Town Center |
| 23:51 | Research | Long Swordsman (upgrade) |
| 24:25 | Research | Pikeman (upgrade) |
| 24:45 | Create | Spearman |
| 24:45 | Create | Spearman |
| 25:03 | Create | Spearman |
| 25:03 | Create | Spearman |
| 25:32 | Create | Villager (Male) |
| 25:33 | Create | Villager (Male) |
| 25:33 | Create | Villager (Male) |
| 26:04 | Research | Heavy Plow |
| 26:08 | Create | Villager (Male) |
| 26:08 | Create | Villager (Male) |
| 26:42 | Create | Villager (Male) ×5 |
| 27:39 | Create | Villager (Male) |
| 27:40 | Create | Villager (Male) |
| 27:40 | Create | Villager (Male) |
| 27:40 | Create | Villager (Male) |
| 27:40 | Create | Villager (Male) |
| 27:55 | Build | Town Center |
| 28:08 | Research | Iron Casting |
| 28:32 | Build | Farm |
| 28:32 | Build | Farm |
| 28:33 | Build | Farm |
| 29:16 | Build | Mining Camp |
| 30:04 | Build | Town Center |
| 30:10 | Create | Villager (Male) |
| 30:10 | Create | Villager (Male) |
| 30:11 | Create | Villager (Male) |
| 30:11 | Create | Villager (Male) |
| 30:22 | Build | Fish Trap |
| 30:22 | Build | Fish Trap |
| 30:23 | Build | Fish Trap |
| 30:24 | Build | Fish Trap |
| 30:25 | Build | Fish Trap |
| 30:44 | Research | Stone Mining |
| 30:50 | Research | Gold Mining |
| 31:14 | Build | Farm |
| 31:46 | Create | Villager (Male) |
| 31:46 | Create | Villager (Male) |
| 32:13 | Build | University |
| 32:19 | Create | Villager (Male) |
| 32:20 | Create | Villager (Male) |
Build order — BLAZ306
First 150 of 289 actions detected
| 0:16 | Create | Villager (Male) |
| 0:17 | Research | Loom |
| 0:17 | Create | Villager (Male) |
| 0:50 | Create | Villager (Male) |
| 1:01 | Build | House |
| 1:38 | Build | House |
| 1:41 | Build | House |
| 1:53 | Create | Villager (Male) |
| 1:53 | Create | Villager (Male) |
| 2:45 | Create | Villager (Male) |
| 3:49 | Build | Mill |
| 3:53 | Create | Villager (Male) |
| 3:54 | Create | Villager (Male) |
| 4:43 | Create | Villager (Male) |
| 4:56 | Create | Villager (Male) |
| 5:35 | Build | Lumber Camp |
| 5:47 | Create | Villager (Male) |
| 5:47 | Create | Villager (Male) |
| 6:08 | Create | Villager (Male) |
| 6:49 | Create | Villager (Male) |
| 7:15 | Create | Villager (Male) |
| 7:35 | Create | Villager (Male) |
| 8:14 | Create | Villager (Male) |
| 8:14 | Create | Villager (Male) |
| 8:24 | Build | House |
| 9:31 | Build | House |
| 9:51 | Build | Barracks |
| 9:55 | Create | Villager (Male) |
| 9:56 | Create | Villager (Male) |
| 9:56 | Create | Villager (Male) |
| 9:56 | Create | Villager (Male) |
| 10:49 | Build | Mill |
| 11:29 | Research | Feudal Age |
| 12:08 | Create | Villager (Male) |
| 12:08 | Create | Villager (Male) |
| 12:09 | Create | Villager (Male) |
| 13:23 | Build | Mining Camp |
| 13:47 | Build | Lumber Camp |
| 14:04 | Create | Villager (Male) |
| 14:04 | Create | Villager (Male) |
| 14:05 | Create | Villager (Male) |
| 14:06 | Create | Villager (Male) |
| 14:06 | Create | Villager (Male) |
| 14:15 | Research | Horse Collar |
| 14:41 | Build | Farm |
| 15:16 | Create | Spearman |
| 15:17 | Create | Spearman |
| 15:21 | Build | Farm |
| 15:26 | Build | Farm |
| 15:50 | Build | House |
| 15:51 | Build | House |
| 16:02 | Build | Farm |
| 16:11 | Research | Wheelbarrow |
| 16:15 | Research | Double-Bit Axe |
| 16:20 | Research | Town Watch |
| 16:45 | Create | Villager (Male) |
| 16:46 | Create | Villager (Male) |
| 16:55 | Build | House |
| 16:57 | Build | House |
| 17:04 | Build | Blacksmith |
| 17:12 | Build | Market |
| 17:29 | Create | Villager (Male) |
| 17:29 | Create | Villager (Male) |
| 17:43 | Research | Gold Mining |
| 17:56 | Build | House |
| 18:03 | Build | Farm |
| 18:22 | Build | Farm |
| 18:28 | Build | Market |
| 18:49 | Build | Barracks |
| 18:54 | Create | Villager (Male) |
| 18:57 | Create | Villager (Male) |
| 19:13 | Build | House |
| 19:14 | Build | House |
| 19:22 | Build | Farm |
| 19:28 | Create | Villager (Male) |
| 19:55 | Build | Farm |
| 19:58 | Create | Villager (Male) |
| 20:01 | Build | Farm |
| 20:11 | Build | Barracks |
| 20:15 | Build | Barracks |
| 20:18 | Build | Barracks |
| 20:28 | Build | House |
| 20:32 | Build | House |
| 20:34 | Build | House |
| 20:36 | Build | House |
| 20:48 | Build | Farm |
| 20:52 | Build | Farm |
| 20:54 | Create | Villager (Male) |
| 20:55 | Create | Villager (Male) |
| 21:43 | Build | House |
| 21:45 | Build | House |
| 21:47 | Build | House |
| 21:58 | Build | Farm |
| 22:01 | Build | Farm |
| 22:03 | Create | Villager (Male) |
| 22:03 | Create | Villager (Male) |
| 22:03 | Create | Villager (Male) |
| 22:12 | Build | Barracks |
| 22:31 | Build | Farm |
| 22:33 | Create | Villager (Male) |
| 22:45 | Build | Lumber Camp |
| 23:00 | Build | Barracks |
| 23:17 | Build | House |
| 23:18 | Build | House |
| 23:27 | Build | Farm |
| 23:30 | Build | Farm |
| 23:32 | Create | Villager (Male) |
| 23:51 | Research | Man-at-Arms (upgrade) |
| 24:10 | Build | House |
| 24:11 | Build | House |
| 24:25 | Build | Farm |
| 24:28 | Build | Farm |
| 24:30 | Create | Villager (Male) |
| 24:30 | Create | Villager (Male) |
| 24:44 | Create | Trade Cart |
| 24:44 | Create | Trade Cart |
| 24:44 | Create | Trade Cart |
| 24:45 | Create | Trade Cart |
| 24:45 | Create | Trade Cart |
| 24:52 | Research | Castle Age |
| 24:59 | Build | Farm |
| 25:10 | Create | Militia |
| 25:10 | Create | Militia |
| 25:10 | Create | Militia |
| 25:10 | Create | Militia |
| 25:18 | Build | Lumber Camp |
| 25:32 | Research | Scale Mail Armor |
| 25:45 | Create | Militia |
| 25:45 | Create | Militia |
| 25:58 | Build | House |
| 25:59 | Build | House |
| 26:01 | Build | House |
| 26:08 | Build | House |
| 26:10 | Build | House |
| 26:12 | Build | House |
| 26:14 | Build | House |
| 26:15 | Build | House |
| 26:30 | Research | Forging |
| 26:32 | Create | Militia |
| 26:33 | Create | Militia |
| 26:33 | Create | Militia |
| 26:33 | Create | Militia |
| 27:04 | Create | Militia |
| 27:04 | Create | Militia |
| 27:05 | Create | Militia |
| 27:05 | Create | Militia |
| 27:28 | Create | Militia |
| 27:29 | Create | Militia |
| 27:32 | Create | Villager (Male) |
| 27:33 | Create | Villager (Male) |
Build order — Darebear266178
First 150 of 231 actions detected
| 0:07 | Research | Loom |
| 0:08 | Create | Villager (Male) |
| 0:16 | Build | House |
| 0:28 | Create | Villager (Male) |
| 0:28 | Create | Villager (Male) |
| 0:28 | Create | Villager (Male) |
| 1:22 | Build | House |
| 1:22 | Build | House |
| 2:29 | Create | Villager (Male) |
| 3:18 | Create | Villager (Male) |
| 3:18 | Create | Villager (Male) |
| 4:02 | Create | Villager (Male) |
| 4:02 | Create | Villager (Male) |
| 4:34 | Create | Villager (Male) |
| 5:20 | Create | Villager (Male) |
| 5:20 | Create | Villager (Male) |
| 5:54 | Create | Villager (Male) |
| 6:09 | Create | Villager (Male) |
| 7:39 | Create | Villager (Male) |
| 7:39 | Create | Villager (Male) |
| 8:13 | Build | Lumber Camp |
| 8:20 | Create | Villager (Male) |
| 8:21 | Create | Villager (Male) |
| 9:02 | Build | House |
| 9:06 | Build | House |
| 9:56 | Build | Mill |
| 10:34 | Create | Villager (Male) |
| 10:34 | Create | Villager (Male) |
| 10:35 | Create | Villager (Male) |
| 10:35 | Create | Villager (Male) |
| 10:35 | Create | Villager (Male) |
| 11:39 | Create | Villager (Male) |
| 11:39 | Create | Villager (Male) |
| 11:39 | Create | Villager (Male) |
| 13:26 | Research | Feudal Age |
| 14:53 | Build | Farm |
| 14:54 | Build | Farm |
| 14:54 | Build | Farm |
| 14:54 | Build | Farm |
| 14:56 | Build | Farm |
| 14:56 | Build | Farm |
| 14:56 | Build | Farm |
| 14:57 | Build | Farm |
| 14:59 | Build | Farm |
| 14:59 | Build | Farm |
| 14:59 | Build | Farm |
| 15:53 | Build | Farm |
| 15:53 | Build | Farm |
| 15:54 | Build | Farm |
| 15:54 | Build | Farm |
| 15:54 | Build | Farm |
| 15:55 | Build | Farm |
| 15:55 | Build | Farm |
| 15:58 | Create | Villager (Male) |
| 15:59 | Create | Villager (Male) |
| 16:10 | Build | Market |
| 16:52 | Build | House |
| 17:21 | Create | Villager (Male) |
| 17:29 | Build | Blacksmith |
| 18:11 | Research | Castle Age |
| 18:52 | Research | Double-Bit Axe |
| 19:01 | Build | Mining Camp |
| 19:25 | Create | Villager (Male) |
| 19:25 | Create | Villager (Male) |
| 19:25 | Create | Villager (Male) |
| 20:07 | Research | Gold Mining |
| 20:34 | Research | Horse Collar |
| 21:03 | Research | Bow Saw |
| 21:20 | Build | Town Center |
| 21:36 | Create | Villager (Male) |
| 21:37 | Create | Villager (Male) |
| 22:11 | Build | House |
| 22:15 | Build | House |
| 22:20 | Build | House |
| 22:36 | Create | Villager (Male) |
| 22:37 | Create | Villager (Male) |
| 23:00 | Create | Villager (Male) |
| 23:00 | Create | Villager (Male) |
| 23:00 | Create | Villager (Male) |
| 23:00 | Create | Villager (Male) |
| 23:20 | Research | Stone Mining |
| 23:26 | Research | Heavy Plow |
| 23:33 | Build | Farm |
| 23:33 | Build | Farm |
| 23:33 | Build | Farm |
| 23:33 | Build | Farm |
| 23:34 | Build | Farm |
| 24:12 | Build | Town Center |
| 24:32 | Research | Stone Shaft Mining |
| 24:42 | Create | Villager (Male) |
| 24:42 | Create | Villager (Male) |
| 24:42 | Create | Villager (Male) |
| 24:43 | Create | Villager (Male) |
| 24:43 | Create | Villager (Male) |
| 24:43 | Create | Villager (Male) |
| 25:44 | Create | Villager (Male) |
| 25:44 | Create | Villager (Male) |
| 25:44 | Create | Villager (Male) |
| 26:28 | Build | Castle |
| 26:33 | Research | Fletching |
| 27:22 | Create | Villager (Male) |
| 27:23 | Create | Villager (Male) |
| 27:23 | Create | Villager (Male) |
| 28:15 | Build | Farm |
| 28:35 | Create | Villager (Male) |
| 28:36 | Create | Villager (Male) |
| 28:36 | Create | Villager (Male) |
| 29:26 | Research | Padded Archer Armor |
| 29:28 | Research | Bodkin Arrow |
| 29:33 | Create | Villager (Male) |
| 29:33 | Create | Villager (Male) |
| 30:15 | Build | Barracks |
| 30:17 | Build | Barracks |
| 30:21 | Build | Barracks |
| 30:53 | Create | Teutonic Knight |
| 30:53 | Create | Teutonic Knight |
| 31:11 | Build | Stable |
| 31:18 | Build | Archery Range |
| 31:26 | Create | Villager (Male) |
| 31:26 | Create | Villager (Male) |
| 31:26 | Create | Villager (Male) |
| 31:27 | Create | Villager (Male) |
| 31:27 | Create | Villager (Male) |
| 31:41 | Research | Forging |
| 31:46 | Create | Knight |
| 31:46 | Create | Knight |
| 32:09 | Create | Villager (Male) |
| 32:09 | Create | Villager (Male) |
| 32:09 | Create | Villager (Male) |
| 32:57 | Research | Pikeman (upgrade) |
| 33:01 | Create | Villager (Male) |
| 33:02 | Create | Villager (Male) |
| 33:08 | Research | Elite Skirmisher (upgrade) |
| 33:18 | Build | Farm |
| 33:18 | Build | Farm |
| 34:01 | Build | Town Center |
| 34:13 | Create | Villager (Male) |
| 34:13 | Create | Villager (Male) |
| 34:14 | Create | Villager (Male) |
| 34:14 | Create | Villager (Male) |
| 34:30 | Create | Spearman |
| 34:30 | Create | Spearman |
| 34:31 | Create | Spearman |
| 34:33 | Create | Spearman |
| 34:38 | Create | Skirmisher |
| 34:38 | Create | Skirmisher |
| 34:39 | Create | Skirmisher |
| 34:43 | Create | Skirmisher |
| 34:43 | Create | Skirmisher |
| 34:44 | Create | Skirmisher |
Match timeline
| 6:38 | querk2 · first_building Barracks |
| 6:59 | NickOhBTW · first_building Dock |
| 9:01 | querk2 · first_building Dock |
| 9:22 | bwest0 · first_building Barracks |
| 9:51 | BLAZ306 · first_building Barracks |
| 10:08 | Angrychicken600 · first_building Barracks |
| 10:40 | DON FOL3Y · first_building Barracks |
| 12:04 | cw5541 · first_building Barracks |
| 12:04 | bwest0 · first_building Stable |
| 12:45 | NickOhBTW · first_building Barracks |
| 13:39 | cw5541 · first_building Stable |
| 16:42 | DON FOL3Y · first_building Stable |
| 17:06 | querk2 · first_market_buy 100 food |
| 17:24 | querk2 · first_building Stable |
| 20:25 | Angrychicken600 · first_building Archery Range |
| 20:29 | NickOhBTW · first_market_buy 100 food |
| 20:32 | NickOhBTW · first_market_sell 100 wood |
| 23:04 | bwest0 · first_market_buy 100 food |
| 23:05 | bwest0 · first_market_sell 100 stone |
| 23:30 | querk2 · first_building Castle |
| 25:41 | cw5541 · first_building Archery Range |
| 26:15 | Darebear266178 · first_market_buy 100 stone |
| 26:28 | Darebear266178 · first_building Castle |
| 26:50 | bwest0 · first_building Castle |
| 27:42 | DON FOL3Y · resign |
| 29:41 | bwest0 · first_building Siege Workshop |
| 30:15 | Darebear266178 · first_building Barracks |
| 31:11 | Darebear266178 · first_building Stable |
| 31:18 | Darebear266178 · first_building Archery Range |
| 33:30 | NickOhBTW · first_building Castle |
| 33:45 | Darebear266178 · first_market_sell 100 wood |
| 34:01 | BLAZ306 · first_building Siege Workshop |
| 34:07 | NickOhBTW · first_building Monastery |
| 34:40 | Angrychicken600 · first_building Castle |
| 34:46 | cw5541 · first_building Castle |
| 38:00 | cw5541 · first_building Siege Workshop |
| 38:25 | Angrychicken600 · first_building Siege Workshop |
| 39:22 | BLAZ306 · first_building Castle |
| 39:58 | Darebear266178 · first_building Siege Workshop |
[ AI ANALYSIS · 1 CREDIT ]
What really happened in this match?
Wolo.gg analyzes every decision: build order, eco, micro, common mistakes by bracket. Personalized analysis on WhatsApp or Discord in 30 seconds.
Civ guide
Jurchens
Perfil
Jugador #12480221